Cogmind - Beta 14 @@@ ROGUE MODE // 2025.01.05 @ 18:35:16 Player: Proroxy Result: Destroyed by Y-45 Defender with Beam Rifle Performance ------------- Evolutions (1) 500 Regions Visited (4) 800 Robots Destroyed (18) 90 Value Destroyed (222) 222 Prototype IDs (6) 120 Alien Tech Used (0) 0 Bonus (0) 0 TOTAL SCORE: 1732 Bonus ------- None Cogmind --------- Core Integrity 0/400 Matter 285/300 Energy 99/100 System Corruption 0% Temperature Cool (20) Movement Flying (45) Location -9/Storage Parts ------- > --- POWER (2) -------- (None) > --- PROPULSION (3) --- Wheel Flight Unit > --- UTILITY (2) ------ Sensor Array Propulsion Shielding > --- WEAPON (2) ------- (None) > --- INVENTORY (5) ---- Improved Heat Sink Small Matter Pod (50) Peak State ------------ > --- POWER ------------ Ion Engine Light Ion Engine > --- PROPULSION ------- Wheel Wheel > --- UTILITY ---------- Experimental Sensor Array Propulsion Shielding > --- WEAPON ----------- EM Pulse Gun Mining Laser > --- INVENTORY -------- Flight Unit Improved Heat Sink Small Matter Pod Sensor Array [Rating: 16] Favorites ----------- Power Ion Engine Engine Ion Engine Propulsion Wheel Leg Aluminum Leg Wheel Wheel Flight Unit Flight Unit Utility Propulsion Shielding Device Experimental Sensor Array Storage Small Storage Unit Processor Signal Interpreter Protection Propulsion Shielding Weapon Small Laser Energy Gun Small Laser Ballistic Gun Light Assault Rifle Special Weapon Mining Laser Build | -11 -10 -10 -9 -9 ------- Run | Yrd Mat Min Mat Sto Slots Evolved 2 | . . . 2 . Power 1 | . . . 1 . Propulsion 1 | . . . 1 . Utility . | . . . . . Weapon . | . . . . . Parts Attached 27 | 7 8 7 2 3 Power 3 | 1 1 . 1 . Engine 3 | 1 1 . 1 . Core . | . . . . . Reactor . | . . . . . Propulsion 11 | 2 4 3 . 2 Treads . | . . . . . Leg 2 | 2 . . . . Wheel 4 | . . 3 . 1 Hover . | . . . . . Flight 5 | . 4 . . 1 Utility 8 | 2 3 2 . 1 Device 4 | . 2 1 . 1 Storage 2 | 2 . . . . Processor 1 | . 1 . . . Hackware . | . . . . . Protection 1 | . . 1 . . Artifact . | . . . . . Weapon 5 | 2 . 2 1 . Energy Gun 3 | 1 . 2 . . Energy Cannon . | . . . . . Ballistic Gun 1 | 1 . . . . Ballistic Cannon . | . . . . . Launcher . | . . . . . Special Weapon 1 | . . . 1 . Impact Weapon . | . . . . . Slashing Weapon . | . . . . . Piercing Weapon . | . . . . . Special Melee Weapon . | . . . . . Unidentified Prototypes 1 | . . 1 . . Parts Lost 13 | . 5 1 1 6 Power 3 | . 1 . . 2 Propulsion 5 | . 3 . . 2 Utility 1 | . . . . 1 Weapon 4 | . 1 1 1 1 Highest Loss Streak 5 | . 5 1 1 3 To Critical Strikes . | . . . . . Average Slot Usage (%) 87 | . 87 98 84 58 Engine 13 | . 14 14 22 7 Leg 2 | . 8 . . . Wheel 18 | . . 27 22 22 Flight 4 | . 15 . . 1 Device 9 | . 7 11 11 9 Storage 2 | . 8 . . . Processor 5 | . 9 5 . . Protection 7 | . . 10 11 11 Energy Gun 17 | . 11 27 11 8 Ballistic Gun 3 | . 10 . . . Peak Build Rating 16 | 7 8 15 16 15 Average Rating 9 | 5 6 12 15 10 On Entrance 8 | . 7 6 14 15 Naked Turns . | . . . . . Heaviest Build 13 | 13 13 10 13 12 Greatest Support 30 | 20 20 20 20 30 Greatest Overweight (x) 3 | 3 1 1 . . Average Overweight (x) . | . . . . . Largest Inventory Capacity 8 | 8 8 5 5 5 Average Capacity 5 | 7 5 5 5 5 Most Carried 8 | 7 8 5 4 4 Average Carried 3 | 2 4 3 4 3 Final Capacity 8 | 8 5 5 5 5 Final Carried 7 | 7 4 5 4 2 Class Distribution -------------------- 100% | Mutant Dominant Class ---------------- Mutant | -10/Materials Mutant | -10/Mines Mutant | -9/Materials Mutant | -9/Storage Resources | -11 -10 -10 -9 -9 ----------- Run | Yrd Mat Min Mat Sto Matter Collected 452 | 309 39 104 . . Remotely . | . . . . . Salvage Created 452 | 107 145 99 . 101 Parts 28 | 6 12 8 . 2 Haulers Intercepted . | . . . . . Recyclers Shooed 1 | . 1 . . . Parts Field Recycled . | . . . . . Retrieved Matter . | . . . . . Parts Self-Destructed . | . . . . . Prevented . | . . . . . Kills | -11 -10 -10 -9 -9 ------- Run | Yrd Mat Min Mat Sto Combat Hostiles Destroyed 9 | . 5 3 . 1 Guns 6 | . 5 . . 1 AOE 3 | . . 3 . . Classes Destroyed 4 | 2 2 . . . Worker 8 | 2 . 4 . 2 Recycler 1 | 1 . . . . Swarmer 6 | . 3 3 . . Grunt 3 | . 2 . . 1 Best Kill Streak 3 | 3 3 3 . 2 Combat Bots Only 3 | . 3 3 . 1 Max Kills in Single Turn 3 | 1 1 3 . 1 Gunslinging . | . . . . . Exploded 3 | . . 3 . . Melee . | . . . . . Uniques/NPCs Destroyed . | . . . . . Combat | -11 -10 -10 -9 -9 -------- Run | Yrd Mat Min Mat Sto Hostile Shots Fired 151 | . 65 12 8 66 Missed 59 | . 25 4 3 27 Damage Taken 1311 | . 528 93 74 616 Core 553 | . 115 38 . 400 Absorbed by Shields . | . . . . . Redirected to Shielding 36 | . . 3 5 28 Core Remaining (%) 69 | 100 . 38 . . Volleys Fired 58 | 7 32 11 . 8 Largest 2 | 2 2 2 . 1 Hottest 80 | 60 60 80 . 40 Shots Fired 100 | 14 60 18 . 8 Gun 100 | 14 60 18 . 8 Cannon . | . . . . . Launcher . | . . . . . Special . | . . . . . Kinetic 39 | 7 32 . . . Thermal 42 | 7 28 7 . . Explosive . | . . . . . Electromagnetic 19 | . . 11 . 8 Robot Hit Streak 8 | 4 8 6 . 7 Robot Miss Streak 5 | 1 5 4 . 1 Penetration Max . | . . . . . Secondary Targets 2 | . 2 . . . Max Gunslinging Chain 1 | . 1 . . . Shots Hit Robots 55 | 9 32 7 . 7 Core Hits 32 | 5 14 6 . 7 Critical Kills . | . . . . . Critical Parts Destroyed . | . . . . . Critical Strikes 1 | . . . . 1 Corrupt 1 | . . . . 1 Melee Attacks . | . . . . . Impact . | . . . . . Slashing . | . . . . . Piercing . | . . . . . Sneak Attacks . | . . . . . Combat Hostiles . | . . . . . Follow-up Attacks . | . . . . . Damage Inflicted 834 | 87 323 196 . 228 Guns 587 | 87 319 90 . 91 Cannons . | . . . . . Explosions 234 | . . 106 . 128 Melee . | . . . . . Ramming 13 | . 4 . . 9 Kinetic 165 | 33 132 . . . Thermal 487 | 54 187 118 . 128 Explosive . | . . . . . Electromagnetic 169 | . . 78 . 91 Impact . | . . . . . Slashing . | . . . . . Piercing . | . . . . . Highest Corruption . | . . . . . Average Corruption . | . . . . . Corruption Purged . | . . . . . Corruption Blocked . | . . . . . Overload Shots . | . . . . . Overflow Damage 8 | . . 8 . . Projectiles . | . . . . . Explosions 8 | . . 8 . . Melee . | . . . . . Knockbacks 1 | . . . . 1 Impact 1 | . . . . 1 Kinetic . | . . . . . Secondary . | . . . . . Self-Inflicted Damage 74 | . 1 28 . 45 Shots 2 | . . 1 . 1 Rammed 4 | . 3 . . 1 Targets Rammed 4 | . 3 . . 1 Kicked . | . . . . . Crushed . | . . . . . Highest Temperature 139 | 40 139 54 . 94 Average Temperature 41 | 19 46 24 . 54 Received Heat Transfer 552 | . 255 . 27 270 Siege Activations . | . . . . . Robots Corrupted . | . . . . . Combat Hostiles . | . . . . . Parts Fried . | . . . . . Impact Corruptions . | . . . . . Robots Melted . | . . . . . Combat Hostiles . | . . . . . Parts Melted . | . . . . . Heat Transferred 775 | 125 425 75 . 150 Parts Sabotaged . | . . . . . Parts Stolen . | . . . . . Parts Stripped . | . . . . . Power Chain Reactions 2 | . . 1 . 1 Alert | -11 -10 -10 -9 -9 ------- Run | Yrd Mat Min Mat Sto Peak Influence 247 | 15 161 82 59 247 Initial 62 | . 9 62 29 20 Average 69 | 6 109 55 32 114 Maximum Alert Level 1 | . . . . 1 Low Security (%) 96 | 100 100 100 100 73 Level 1 3 | . . . . 26 Level 2 . | . . . . . Level 3 . | . . . . . Level 4 . | . . . . . Level 5 . | . . . . . High Security . | . . . . . Max Security . | . . . . . Squads Dispatched 3 | . 2 . . 1 Investigation 1 | . 1 . . . Extermination . | . . . . . Reinforcement 2 | . 1 . . 1 Assault . | . . . . . Garrison . | . . . . . Intercept . | . . . . . Searches Triggered . | . . . . . Construction Impeded . | . . . . . Haulers Reinforced . | . . . . . Active Scanning Responses . | . . . . . Cargo Convoy Interrupts . | . . . . . Stealth | -11 -10 -10 -9 -9 --------- Run | Yrd Mat Min Mat Sto Distress Signals 3 | . 2 . . 1 Communications Jammed . | . . . . . Distress Signals . | . . . . . Times Spotted 39 | . 16 3 2 18 Peak Tracking Total 11 | . 6 3 2 11 Tactical Retreats 3 | . 1 . . 2 Traps | -11 -10 -10 -9 -9 ------- Run | Yrd Mat Min Mat Sto Traps Triggered 2 | . . . . 2 Indirectly . | . . . . . Trap Hack Attempts . | . . . . . Triggered . | . . . . . Disarmed . | . . . . . Reprogrammed . | . . . . . Reused . | . . . . . Traps Extracted . | . . . . . Installed . | . . . . . Triggered . | . . . . . Machines | -11 -10 -10 -9 -9 ---------- Run | Yrd Mat Min Mat Sto Machines Disabled 2 | . . . . 2 Max in Single Turn 2 | . . . . 2 Machines Repaired . | . . . . . Machines Dismantled . | . . . . . Machines Sabotaged . | . . . . . Overloaded Fab Kills . | . . . . . Hacking | -11 -10 -10 -9 -9 --------- Run | Yrd Mat Min Mat Sto Machines Accessed 12 | . 5 . 4 3 Terminals 9 | . 4 . 3 2 Fabricators . | . . . . . Repair Stations . | . . . . . Recycling Units 2 | . 1 . . 1 Scanalyzers 1 | . . . 1 . Garrison Access . | . . . . . Total Hacks 31 | . 16 . 9 6 Successful 24 | . 12 . 7 5 Failed 7 | . 4 . 2 1 Catastrophic 1 | . . . 1 . Database Lockouts . | . . . . . Manual . | . . . . . Terminals 22 | . 12 . 6 4 Fabricators . | . . . . . Repair Stations . | . . . . . Recycling Units 6 | . 4 . . 2 Scanalyzers 3 | . . . 3 . Garrison Access . | . . . . . Terminal Hacks 19 | . 11 . 4 4 Record 11 | . 8 . 3 . Prototype ID Bank 2 | . 1 . . 1 Locate Traps 1 | . . . . 1 Zone Layout 5 | . 2 . 1 2 Fabricator Hacks . | . . . . . Repair Station Hacks . | . . . . . Recycling Unit Hacks 2 | . 1 . . 1 Report Inventory 1 | . 1 . . . Retrieve Components 1 | . . . . 1 Scanalyzer 3 | . . . 3 . Insert Component 1 | . . . 1 . Analyze 2 | . . . 2 . Garrison Access Hacks . | . . . . . Unauthorized Hacks . | . . . . . Terminals . | . . . . . Fabricators . | . . . . . Repair Stations . | . . . . . Recycling Units . | . . . . . Scanalyzers . | . . . . . Garrison Access . | . . . . . Data Cores Recovered . | . . . . . Used . | . . . . . Hacking Detections 8 | . 4 . 3 1 Full Trace Events 1 | . 1 . . . Feedback Events . | . . . . . Feedback Blocked . | . . . . . Robot Schematics Acquired . | . . . . . Robots Built . | . . . . . Authchips . | . . . . . Time . | . . . . . Total Robot Build Rating . | . . . . . Part Schematics Acquired 1 | . . . 1 . Parts Built . | . . . . . Authchips . | . . . . . Time . | . . . . . Total Part Build Rating . | . . . . . Parts Repaired . | . . . . . Time . | . . . . . Parts Recycled . | . . . . . Recycled Matter . | . . . . . Retrieved Matter . | . . . . . Retrieved Components . | . . . . . Parts Scanalyzed 1 | . . . 1 . Part Schematics Acquired 1 | . . . 1 . Parts Damaged . | . . . . . Bothacking | -11 -10 -10 -9 -9 ------------ Run | Yrd Mat Min Mat Sto Used RIF Installer . | . . . . . Robots Hacked . | . . . . . Non-combat . | . . . . . Combat . | . . . . . Robot Hacks Applied . | . . . . . Relay Couplers Released . | . . . . . Fabnet Peak Effective % . | . . . . . Robots Rewired . | . . . . . Allies Hacked . | . . . . . Hacks Repelled . | . . . . . Allies | -11 -10 -10 -9 -9 -------- Run | Yrd Mat Min Mat Sto Total Allies . | . . . . . Largest Group . | . . . . . Highest-Rated Group . | . . . . . Highest-Rated Ally . | . . . . . Total Orders . | . . . . . Ally Attacks . | . . . . . Total Damage . | . . . . . Kills . | . . . . . Allies Corrupted . | . . . . . Allies Melted . | . . . . . Intel | -11 -10 -10 -9 -9 ------- Run | Yrd Mat Min Mat Sto Robot Analysis Total . | . . . . . Derelict Logs Recovered . | . . . . . Drone Launches . | . . . . . Drone Recoveries . | . . . . . Exploration | -11 -10 -10 -9 -9 ------------- Run | Yrd Mat Min Mat Sto Turns Passed 1508 | 194 378 600 114 222 Spaces Moved 1182 | 127 325 411 111 208 Core 9 | 9 . . . . Treads . | . . . . . Legs 187 | 118 69 . . . Wheels 670 | . . 409 111 150 Hover . | . . . . . Flight 316 | . 256 2 . 58 Fastest Speed 37 | 50 37 80 80 45 Average Speed 80 | 121 73 80 80 70 Slowest Speed 200 | 200 120 120 80 80 Overloaded Moves . | . . . . . Propulsion Burnouts . | . . . . . Robots Hopped 3 | . 1 . . 2 Cave-ins Triggered . | . . . . . Exploration Rate (%) 39 | 6 53 74 13 50 Regions Visited 4 Branch Regions 2 Pre-discovered Areas . | . . . . . Known Exits Taken 1 | . 1 . . . Unknown Exits Taken 3 | 1 . 1 1 . Scrap Searched 2 | . . 2 . . Spaces Dug . | . . . . . Terrain Destroyed 8 | . . 5 . 3 Melee . | . . . . . Projectile . | . . . . . AOE 8 | . . 5 . 3 Terrain Rammed . | . . . . . Walls Destroyed . | . . . . . Machines Disabled . | . . . . . Actions | -11 -10 -10 -9 -9 --------- Run | Yrd Mat Min Mat Sto Total 1638 | 151 415 665 135 272 Wait 327 | 4 31 226 23 43 Move 1172 | 126 322 410 110 204 Hop 3 | . 1 . . 2 Pick Up 18 | 7 6 5 . . Fast Attach 13 | 7 2 2 1 1 Attach 14 | . 6 5 1 2 Detach 7 | . 3 4 . . Swap . | . . . . . Drop 11 | . 9 2 . . Fire 58 | 7 32 11 . 8 Melee . | . . . . . Ram 4 | . 3 . . 1 Kick . | . . . . . Crush . | . . . . . Escape Stasis 8 | . . . . 8 Rewire 3 | . . . . 3 Trap . | . . . . . Miscellaneous . | . . . . . Route ------- -11/Scrapyard -10/Materials (discovered 2 exits: *Mat / *Min) -10/Mines -9/Materials -9/Storage (discovered 1 exit: [Rec]) History --------- Turn | Location | Event 2 | -11/Scrapyard | Met Revision 17 17 | -11/Scrapyard | Discovered new exit (range 15) 195 | -11/Scrapyard | Entered Materials 332 | -10/Materials | Build established: Mutant 391 | -10/Materials | Discovered new exit (range 16) 513 | -10/Materials | Discovered new exit (range 11) 516 | -10/Materials | Lost 5 parts (1p3n1w) 572 | -10/Materials | Identified exit to Mines 573 | -10/Materials | Entered Mines 630 | -10/Mines | Discovered new exit (range 10) 820 | -10/Mines | Found a damaged Exp. Sensor Array with a note attached 822 | -10/Mines | Found Prototype Device 823 | -10/Mines | Identified Exp. Sensor Array 951 | -10/Mines | Excavation squad dispatched 951 | -10/Mines | A large section of the Mines collapsed 1157 | -10/Mines | Core integrity fell below 50% 1173 | -10/Mines | Entered Materials 1173 | -9/Materials | Evolved 2 slots: Power x1, Propulsion x1 1247 | -9/Materials | Discovered new exit (range 16) 1287 | -9/Materials | Entered Storage 1440 | -9/Storage | Core integrity fell below 50% 1458 | -9/Storage | Core integrity fell below 20% 1477 | -9/Storage | Lost 3 parts (1n1u1w) 1486 | -9/Storage | Discovered new exit (range 11) 1509 | -9/Storage | Destroyed by Y-45 Defender with Beam Rifle Last Messages --------------- EXIT=FOUND >>Layout(Zone) Retrieving Zone 9O layout... Downloaded map data. >>Traps(Locate) Found 1 trap in 1 array: 1x Stasis Trap Map updated. Connecting with Door Terminal... K-01 Serf collects debris. Wheel destroyed. Connecting with Terminal... >>Layout(Zone) Retrieving Zone 6V layout... Downloaded map data. >>Prototypes Downloading prototype IDs... Hvy. Ion Engine Cld. Ion Engine Hvy. EM Shotgun Map ----- +----------------------------------------------------+ | | | | | | | | | | | | | | | | | | | | | | | ???????????????###############?????????????????? | | ???????????????# #?????????????????? | | ???????????????# #?????????????????? | | ???????????????# #?????????????????? | | ???????????????# #?????????????????? | | ???????????????# #?????????????????? | | ???????????###?# #?????????????????? | | ????????####"######+##+##########??????????????? | | ????????# " ? ###### ######?????????? | | ????????# < " ? # #?????????? | | ????????# "#T#####T## # """ ""#?????????? | | ????????########???#### # """ ""#?????????? | | ??????????????????????# + """ T"#?????????? | | ????????????????#####?# Y# """ ""#?????????? | | ????????????????#"""#?#@Y# """ ""#?????????? | | ?????????????####"T"###Y # #?????????? | | ?????????????# # #############?????????? | | ?????????????# """""^#Y ##########????????????? | | ?????????????# """"" + ##T#######????????????? | | ????????????## """""?# + " ##????????????? | | ????????????# # # " ##??????####### | | ????????????## # # " ##??????# = | | ????????????#T + ##########??????# | | ????????????## # ##########??????# = | | ?????????????# "T" + #???????????????# != | | ?????????????##########+######???????????# | | ???????????????????# #???######### | | ???????????????????# """" #???# ] #/##+## | | ???????????????????# ""??" #???#= / + | | ???????????????????# ""???" #???# / ]*# ## | | ???????????????????# "???"" ##########/## #? | | ???????????????????# "??"" +% #? | | ???????????????????# """" ####### #? | | ???????????????????# ## # #? | | ???????????????????#+########## + #? | | ???????????????????# ????????# ####### #? | | ???????????????????+ ????????# ""#???# #? | | ???????????????????# ???????#== Y"#???# #? | | ???????????????????###+???????#== ""#???# #? | +----------------------------------------------------+ Best States ------------- Heat Dissipation 39 Energy Generation 15 Energy Capacity 275 Matter Stores 350 Matter Capacity 350 Sight Range 16 Robot Scan Range 20 Terrain Scan Density 10 Propulsion Shielding 33 Evasion (%) 62 Item Schematics ----------------- Sensor Array | -9/Materials | Scanalyzed Robot Schematics ------------------ None Fabricated ------------ Nothing Alien Tech Used ----------------- None Achievements -------------- None Challenges ------------ None Game ------ Seed WarlordExperimentalWand Manual? 0 Play Time 00:41:26 Cumulative 26.8 hours Start 2025.01.05 @ 17:37:36 End 2025.01.05 @ 18:35:16 Sessions 1 Manual Loads 0 Difficulty Rogue Special Mode None Game No. 24 Rogue 24 Adventurer 0 Explorer 0 Win Type - Total 0 Types 0/0/0/0/0/0/0/0/0 Lore% 8 Gallery% 23 Achievement% 15 Wizard Run 0 Options --------- Layout 1 ASCII 0 Keyboard 1 Movement Numpad Keybinds 0 Fullscreen 1 Font 24/Smallcaps Map View 50x35 Zoom Use 0% Tactical HUD 0 Map Filters NONE Filters NONE Steam 1 RUN: 22dfa737-b774-4925-b493-b543496a53c4